 Dungeon Crawl Stone Soup version 0.25-b1-23-ge2ad7d536c (webtiles) character file.

Game seed: 10750813055246207058, levelgen mode: deterministic

527 Dirian the Chopper (level 7, -1/60 HPs)
             Began as a Hill Orc Fighter on May 30, 2020.
             Was an Initiate of Beogh.
             Slain by a wight
             ... wielding a +3 great sword
              (2 damage)
             ... on level 7 of the Dungeon.
             The game lasted 00:05:42 (4063 turns).

Dirian the Chopper (Hill Orc Fighter)               Turns: 4063, Time: 00:05:43

Health: -1/60      AC:  8    Str: 21    XL:     7   Next: 23%
Magic:  7/7        EV:  8    Int:  8    God:    Beogh [......]
Gold:   121        SH:  9    Dex: 10    Spells: 6/6 levels left

rFire    . . .     SeeInvis .   a - +0 war axe
rCold    . . .     Gourm    .   c - +0 kite shield
rNeg     . . .     Faith    .   b - +0 scale mail
rPois    .         Spirit   .   (no helmet)
rElec    .         Reflect  .   g - +0 cloak
rCorr    .         Harm     .   (no gloves)
MR       .....                  (no boots)
Stlth    ..........             s - amulet of the acrobat
HPRegen  0.20/turn              (no ring)
MPRegen  0.10/turn              (no ring)

@: mighty, lightly drained
A: no striking features
a: Renounce Religion


You were on level 7 of the Dungeon.
You worshipped Beogh.
Beogh was noncommittal.
You were very hungry.

You visited 1 branch of the dungeon, and saw 5 of its levels.

You collected 121 gold pieces.

Inventory:

Hand Weapons
 a - a +0 war axe (weapon)
 n - a +0 war axe
Armour
 b - a +0 scale mail (worn)
 c - a +0 kite shield (worn)
 g - a +0 cloak (worn)
Jewellery
 s - an amulet of the acrobat (around neck)
Wands
 u - a wand of polymorph (9)
Scrolls
 e - 2 scrolls of remove curse
 h - a scroll of teleportation {unknown}
 i - a scroll of enchant armour {unknown}
 k - 3 scrolls of amnesia {unknown}
 l - a scroll of magic mapping {unknown}
Potions
 d - a potion of heal wounds
 j - a potion of curing {unknown}
 o - a potion of haste
 q - a potion of berserk rage {unknown}
 r - a potion of invisibility {unknown}
 w - a potion of resistance {unknown}
Comestibles
 f - 10 rations


   Skills:
 + Level 4.7(4.4) Fighting
 + Level 6.5(6.2) Axes
 + Level 4.5(4.2) Armour
 * Level 2.4(2.1) Dodging
 + Level 4.6(4.2) Shields


You had 6 spell levels left.
You didn't know any spells.
Your spell library was empty.

Dungeon Overview and Level Annotations

Branches:
Dungeon (4/15)
 Temple: D:4-7

Altars:
Ru
The Shining One


Message History

You closely miss the wight.
The wight is moderately damaged.
The wight hits you with a +3 great sword.
* * * LOW HITPOINT WARNING * * *
Unknown command.
You barely miss the wight.
The wight is moderately damaged.
The wight barely misses you.
You closely miss the wight.
The wight is moderately damaged.
You block the wight's attack.
You slash the wight!
The wight is almost destroyed.
You block the wight's attack.
You completely miss the wight.
The wight is almost destroyed.
The wight hits you with a +3 great sword!
* * * LOW HITPOINT WARNING * * *
You feel drained.
You die...

#...#...........
#####(........#
#...)........
###...)...##.
##.......#
###..†.zK..#...
#.....KK(Z.....
##...##z#......
######@##.....
### ..... .#.. .


You could see a big kobold, 2 wights and 2 kobolds.

Vanquished Creatures
  An ogre (D:7)
  A bullfrog (D:7)
  2 wights (D:7)
  Crazy Yiuf (D:2)
  A bullfrog skeleton (D:4)
  Jessica (D:2)
  Terence (D:3)
  An orc wizard (D:3)
  A worker ant (D:4)
  Robin (D:2)
  6 adders
  3 worms
  2 leopard geckos
  7 orcs
  5 giant cockroaches
  13 goblins
  12 hobgoblins
  3 jackals (D:2)
  A quokka (D:2)
  7 bats
  2 frilled lizards
  10 kobolds
  7 rats
89 creatures vanquished.

Vanquished Creatures (others)
  2 orc wizards (D:7)
  An orc priest (D:7)
  A kobold (D:7)
  A goblin (D:2)
5 creatures vanquished.

Grand Total: 94 creatures vanquished

Notes
Turn   | Place    | Note
-------+----------+-------------------------------------------
     0 | D:1      | Dirian the Hill Orc Fighter began the quest for the Orb.
     0 | D:1      | Reached XP level 1. HP: 19/19 MP: 1/1
   319 | D:1      | Reached XP level 2. HP: 27/27 MP: 2/2
   593 | D:1      | Reached skill level 3 in Axes
   704 | D:1      | Reached XP level 3. HP: 33/33 MP: 3/3
  1188 | D:2      | Noticed Jessica
  1198 | D:2      | Killed Jessica
  1198 | D:2      | Reached skill level 1 in Dodging
  1210 | D:2      | Reached XP level 4. HP: 12/40 MP: 4/4
  1220 | D:2      | Reached skill level 4 in Axes
  1691 | D:2      | Found a runed translucent door.
  1692 | D:2      | Noticed Crazy Yiuf
  1752 | D:2      | Found a sacrificial altar of Ru.
  1768 | D:2      | Noticed Robin
  1783 | D:2      | Killed Robin
  2410 | D:2      | Killed Crazy Yiuf
  2410 | D:2      | Reached XP level 5. HP: 13/46 MP: 5/5
  2715 | D:3      | Noticed Terence
  2718 | D:3      | Killed Terence
  2740 | D:3      | Reached skill level 5 in Axes
  2982 | D:3      | Reached XP level 6. HP: 52/53 MP: 6/6
  3427 | D:3      | Found a faded altar of an unknown god.
  3447 | D:3      | Became a worshipper of the Shining One
  3447 | D:3      | Reached * piety under the Shining One
  4018 | D:4      | You fall into a shaft and drop 3 floors!
  4046 | D:7      | Fell from the grace of the Shining One
  4046 | D:7      | Became a worshipper of Beogh the Brigand
  4053 | D:7      | Reached skill level 6 in Axes
  4054 | D:7      | Reached XP level 7. HP: 23/60 MP: 7/7
  4063 | D:7      | HP: 1/60 [wight/+3 great sword (7)]
  4063 | D:7      | Slain by a wight

Illustrated notes

Levels and vault maps discovered:
D:1:      lemuel_arrival_hallway, layout_basic
D:2:      layout_basic, nicolae_ru_sacrificial_ziggurat, uniq_robin,
          uniq_jessica, uniq_crazy_yiuf_cottage
D:3:      layout_rooms, chequers_ecumenical_altar_simple,
          chequers_hall_statues_wall_a, uniq_terence
D:4:      minmay_wonky_spiral, layout_basic, first_ration
D:7:      layout_cave_pools, nicolae_overflow_crystal_walls

Skill      XL: |  1  2  3  4  5  6 |
---------------+-------------------+-----
Axes           | 3 4 5 6 |  6.5
Fighting       | 4 |  4.7
Dodging        | 1 2 |  2.4
Shields        | 4 |  4.6
Armour         | 4 |  4.5

Action                   |  1- 3 |  4- 6 |  7- 9 || total
-------------------------+-------+-------+-------++-------
Melee: War axe           |    66 |   180 |     9 ||   255
Invok: Convert to Beogh  |       |     1 |       ||     1
  Use: Potion            |       |     3 |       ||     3
       Scroll            |       |     5 |       ||     5
  Eat: Chunk             |       |     9 |       ||     9
Armor: Scale mail        |    23 |    68 |       ||    91
Dodge: Dodged            |    24 |    73 |     2 ||    99
Block: Kite shield       |    37 |   112 |     3 ||   152
